 Dungeon Crawl Stone Soup version 0.30-a0-5-g3a90980b9d (webtiles) character file.

Game seed: 15147222725567043312

28 Nedwor the Cutter (level 3, 28/28 HPs)
             Began as a Demonspawn Gladiator on Aug 22, 2022.
             Quit the game on level 2 of the Dungeon.
             The game lasted 00:02:12 (1404 turns).

Nedwor the Cutter (Demonspawn Gladiator)            Turns: 1404, Time: 00:02:13

Health: 28/28      AC:  4    Str: 16    XL:     3   Next: 0%
Magic:  3/3        EV: 12    Int:  9    God:
Gold:   106        SH:  0    Dex: 14    Spells: 2/2 levels left

rFire   . . .      SeeInvis .    a - +0 rapier
rCold   . . .      Faith    .    (no shield)
rNeg    . . .      Spirit   .    b - +0 leather armour
rPois   .          Reflect  .    c - +0 helmet
rElec   .          Harm     .    (no cloak)
rCorr   .          Rampage  .    (no gloves)
Will    .....                    (no boots)
Stlth   +.........               (no amulet)
HPRegen 0.09/turn                (no ring)
MPRegen 0.08/turn                (no ring)

@: no status effects
A: hooves 1, spiny 1
a: no special abilities


You were on level 2 of the Dungeon.
You visited 1 branch of the dungeon, and saw 2 of its levels.

You collected 106 gold pieces.

Inventory:

Hand Weapons
 a - a +0 rapier (weapon)
Missiles
 e - a javelin (quivered)
Armour
 b - a +0 leather armour (worn)
 c - a +0 helmet (worn)
Jewellery
 i - a ring of magical power
Scrolls
 g - 2 scrolls of enchant weapon {unknown}
Potions
 f - a potion of brilliance {unknown}
 h - 2 potions of flight {unknown}


   Skills:
 + Level 2.3 Fighting
 * Level 3.2 Short Blades
 - Level 1.7 Throwing
 + Level 0.8 Armour
 + Level 2.9 Dodging


You had 2 spell levels left.
You didn't know any spells.
Your spell library contained the following spells:

 Spells                   Type           Power      Damage    Failure   Level
 Shock                    Conj/Air       0%         1d3       45%         1
 Frozen Ramparts          Ice            0%         1d1       83%         3
 Swiftness                Air            0%         N/A       83%         3
 Airstrike                Air            0%         2d(0-16)  99%         4
 Ice Form                 Ice/Tmut       0%         N/A       99%         4
 Summon Ice Beast         Ice/Summ       0%         N/A       99%         4


Dungeon Overview and Level Annotations

Branches:
Dungeon (2/15)

Altars:


Innate Abilities, Weirdness & Mutations

You have large cloven feet.
You are partially covered in sharp spines.


Message History

Found 16 gold pieces.
d - 2 throwing nets (gained 1)
You drop 2 throwing nets.
A rat comes into view.
You see here 16 gold pieces.
The rat misses you.
You closely miss the rat. The rat completely misses you.
You hit the rat but do no damage. The rat bites you.
You closely miss the rat. The rat is struck by your spines.
The rat bites you but does no damage.
You closely miss the rat.
The rat is moderately wounded.
The rat misses you.
You hit the rat.
You kill the rat!
You see here a rat corpse.
You now have 106 gold pieces (gained 16).
HP restored.
A hobgoblin comes into view.
The hobgoblin shouts!
A hobgoblin is nearby!
A hobgoblin is nearby!
A hobgoblin is nearby!
An endoplasm comes into view.
A kobold comes into view. It is wielding a +0 dagger.
The kobold shouts!
The hobgoblin hits you.
You hit the hobgoblin.
You kill the hobgoblin!
The kobold throws a stone.
The stone hits you. The kobold hits you but does no damage.
You hit the kobold.
You kill the kobold!
You have reached level 3!
Your experience leads to an increase in your attributes!
Increase (S)trength, (I)ntelligence, or (D)exterity?
You feel stronger. x2; Your demonic ancestry asserts itself...
Your feet thicken and deform.
Found a stone staircase leading up.
Are you sure you want to abandon this character and quit the game? (Confirm with "yes".)

#.....###..#
<...............#..
#..................
#................##
#..... ............
#.... #.<.#.. #...
#.....# #..# #..÷.##
#.@## ##....##
#...## #..##.(.
##.#.)# #####.#####.
#...#.###...........
#.......†.#..#######
#...#.####.)##
#####...##.##
#...##.# #......#


There were no monsters in sight!

Vanquished Creatures
  An adder (D:1)
  A dart slug (D:1)
  3 bats (D:1)
  2 endoplasms (D:1)
  A goblin (D:1)
  2 hobgoblins
  2 kobolds
  A quokka (D:2)
  A ball python (D:1)
  2 frilled lizards (D:1)
  2 rats
18 creatures vanquished.

Notes
Turn   | Place    | Note
-------+----------+-------------------------------------------
     0 | D:1      | Nedwor the Demonspawn Gladiator began the quest for the
                  | Orb.
     0 | D:1      | Reached XP level 1. HP: 16/16 MP: 1/1
   578 | D:1      | Gained mutation: You are partially covered in sharp spines.
                  | [demonic ancestry]
   578 | D:1      | Reached XP level 2. HP: 22/22 MP: 2/2
   626 | D:1      | Reached skill level 3 in Short Blades
  1387 | D:2      | Gained mutation: You have large cloven feet. [demonic
                  | ancestry]
  1387 | D:2      | Reached XP level 3. HP: 26/28 MP: 3/3
  1404 | D:2      | Quit the game

Illustrated notes

Levels and vault maps discovered:
D:1:      dpeg_arrival_signposts, layout_basic
D:2:      layout_rooms, chequers_ecumenical_altar_simple

Skill      XL: |  1  2 |
---------------+-------+-----
Short Blades   | 3 |  3.2
Fighting       | |  2.3
Throwing       | |  1.7
Armour         | |  0.8
Dodging        | |  2.9

Action                   || total
-------------------------++-------
Melee: Rapier            ||    54
Throw: Throwing net      ||     2
Armor: Leather armour    ||    17
Dodge: Dodged            ||    35

Table legend: (Time is in decaauts)
 A = Elapsed time spent in this place.
 B = Non-inter-level travel time spent in this place.
 C = Inter-level travel time spent in this place.
 D = Time resting spent in this place.
 E = Time spent auto-exploring this place.
 F = Levels seen in this place.
 G = Mean time per level.
                   A        B        C        D        E       F      G
               +--------+--------+--------+--------+--------+-----+--------+
         Total |   1407 |   1347 |     60 |    251 |    958 |   2 |  703.5 |
       Dungeon |   1407 |   1347 |     60 |    251 |    958 |   2 |  703.5 |
               +--------+--------+--------+--------+--------+-----+--------+

Top non-repeatable levels by time:
     D:1: 1322 daAuts
     D:2: 84 daAuts
